 Dungeon Sprint DCSS version 0.24-a0-201-gf2055891f0 (webtiles) character file.

Game seed: 15785924394948057896

32 Findor the Cudgeler (level 3, -2/27 HPs)
             Began as a Demonspawn Gladiator on Mar 23, 2019.
             Slain by a worker ant (4 damage)
             ... in the Dungeon (Sprint IX: "|||||||||||||||||||||||||||||").
             The game lasted 00:00:36 (82 turns).

Findor the Cudgeler (Demonspawn Gladiator)            Turns: 82, Time: 00:00:36

Health: -2/27      AC:  4    Str: 15    XL:     3   Next: 8%
Magic:  3/3        EV: 12    Int:  9    God:
Gold:   0          SH:  0    Dex: 14    Spells: 2/2 levels left

rFire    . . .     SeeInvis .   a - +0 flail
rCold    . . .     Gourm    .   (no shield)
rNeg     . . .     Faith    .   b - +0 leather armour
rPois    .         Spirit   .   c - +0 helmet
rElec    .         Reflect  .   (no cloak)
rCorr    .         Harm     .   (no gloves)
MR       .....     NoTele   +   (no boots)
Stlth    +.........             (no amulet)
HPRegen  0.09/turn              (no ring)
MPRegen  0.08/turn              (no ring)

@: lethally poisoned (-2 -> -7), berserk cooldown, slowed, very slow
A: demonic guardian 1
a: no special abilities


You were in the Dungeon.
You were not hungry.

You visited 1 branch


Innate Abilities, Weirdness & Mutations

A weak demonic guardian rushes to your aid.


   Skills:
 - Level 2.0 Fighting
 + Level 6.3 Maces & Flails
 - Level 1.7 Throwing
 - Level 2.6 Dodging


You had 2 spell levels left.
You didn't know any spells.
Your spell library was empty.

Inventory:

Hand Weapons
 a - a +0 flail (weapon)
Missiles
 d - 3 throwing nets (quivered) {!f}
Armour
 b - a +0 leather armour (worn)
 c - a +0 helmet (worn)
Scrolls
 k - a scroll of blinking
Potions
 e - a potion of curing {@q1}
 g - a potion of heal wounds {@q2}
 h - a potion of haste {@q3}
 i - 2 potions of magic
Comestibles
 f - a ration
 l - 3 chunks of flesh


Message History

Your base attributes are Str 14, Int 9, Dex 14.
Increase (S)trength, (I)ntelligence, or (D)exterity?
You feel stronger. The bat zombie barely misses you. The phantom hits you.
The phantom blinks!
You closely miss the phantom. The bat zombie misses you.
You closely miss the phantom.
The bat zombie hits you but does no damage.
The bat zombie misses you. The phantom hits you.
Your iron imp hits the phantom but does no damage.
You closely miss the phantom.
The bat zombie hits you but does no damage.
The bat zombie closely misses you.
The phantom hits you but does no damage.
You miss the phantom. The bat zombie barely misses you. x2
Your iron imp closely misses the phantom.
You bludgeon the phantom!! The bat zombie barely misses you.
The bat zombie hits you but does no damage.
The phantom hits you!
* * * LOW HITPOINT WARNING * * *
The bat zombie barely misses you.
You barely miss the phantom.
The bat zombie hits you but does no damage.
The phantom hits you.
* * * LOW HITPOINT WARNING * * *
Your iron imp hits the phantom.
The bat zombie misses you.
You barely miss the phantom.
The bat zombie hits you but does no damage.
The phantom hits you.
* * * LOW HITPOINT WARNING * * *
The phantom blinks!
The bat zombie barely misses you.
You bludgeon the bat zombie!!
You destroy the bat zombie!
You barely miss the worker ant. The phantom hits your iron imp.
The phantom blinks!
Your iron imp hits the phantom.
The worker ant bites you!
* * * LOW HITPOINT WARNING * * *
You are poisoned.
The worker ant poisons you!
You closely miss the worker ant.
* * * LOW HITPOINT WARNING * * *
You feel sick.
The phantom completely misses your iron imp.
Your iron imp hits the phantom but does no damage.
You sock the worker ant! The worker ant misses you.
The phantom blinks!
You barely miss the worker ant.
You are no longer berserk.
You are exhausted.
You feel yourself slow down.
* * * LOW HITPOINT WARNING * * *
You feel sick. The worker ant bites you.
You die...

▓.▓
▓.▓
▓.▓
▓)▓
▓§▓
▓5▓
▓§▓
▓.▓
▓@▓
▓a▓
▓Z▓
▓.▓
▓.▓
▓.▓
▓.▓
▓+▓


You could see a worker ant, a bat skeleton and a friendly iron imp.

Vanquished Creatures
  An iguana (D)
  A bat zombie (D)
  A hobgoblin (D)
  2 bats (D)
  A kobold (D)
  A rat (D)
7 creatures vanquished.

Notes
Turn   | Place    | Note
-------+----------+-------------------------------------------
     0 | D        | Findor the Demonspawn Gladiator began the quest for the
                  | Orb.
     0 | D        | Reached XP level 1. HP: 16/16 MP: 1/1
     5 | D        | Reached skill level 3 in Maces & Flails
    13 | D        | Reached skill level 4 in Maces & Flails
    65 | D        | Noticed an iguana
    65 | D        | Noticed a worker ant
    65 | D        | Noticed a phantom
    70 | D        | Killed an iguana
    70 | D        | Reached skill level 6 in Maces & Flails
    70 | D        | Gained mutation: A weak demonic guardian rushes to your
                  | aid. [demonic ancestry]
    70 | D        | Reached XP level 2. HP: 22/22 MP: 2/2
    70 | D        | Reached XP level 3. HP: 27/27 MP: 3/3
    79 | D        | HP: 6/40 [worker ant (7)]
    82 | D        | HP: 2/27 [poisoned by a worker ant]
    82 | D        | Slain by a worker ant

Levels and vault maps discovered:
D:        linesprint [early_d, line_temple, items_1, d_10, items_2, lair_1,
          lair_end, items_3, orc_1, orc_end, items_4, d_15, swamp_1, shoals_1,
          snake_1, spider_1, d_20, vaults_1, items_5, swamp_end, shoals_end,
          snake_end, spider_end, vaults_end, d_27, items_6, zot_1, zot_end,
          crypt_end, forest_end, elf_end, slime_end, tomb_end, abyss_end,
          pan_hell_end]

Action                   || total
-------------------------++-------
Melee: Flail             ||    25
  Use: Potion            ||     1
Armor: Leather armour    ||    10
Dodge: Dodged            ||    21
